 Dungeon Crawl Stone Soup version 0.31-a0-1338-gb567cfdca4 (webtiles) character file.

Game seed: 2743527530700741008

417 croobank the Ducker (level 6, -1/42 HPs)
             Began as a Gnoll Monk on Dec 22, 2023.
             Was a Believer of Hepliaklqana.
             Slain by Duvessa
             ... wielding a +0 rapier
              (8 damage)
             ... on level 4 of the Dungeon on Dec 23, 2023.
             The game lasted 00:08:32 (3747 turns).

croobank the Ducker (Gnoll Monk)                    Turns: 3747, Time: 00:08:33

Health: -1/42      AC:  7    Str:  9 (10) XL:     6   Next: 92%
Magic:  9/9        EV: 14    Int: 11 (12) God:    Hepliaklqana [**....]
Gold:   99         SH:  0    Dex: 12 (14) Spells: 9/9 levels left

rFire   + . .        j - +2 spear (flame)
rCold   + . .        d - orb {light}
rNeg    . . .        b - +0 robe
rPois   .            (helmet restricted)
rElec   .            e - scarf {rC+ rF+}
rCorr   .            (no gloves)
SInv    .            B - +0 pair of boots
Will    .....        (no amulet)
Stlth   +            (no ring)
HPRegen 0.27/turn    (no ring)
MPRegen 0.11/turn

%: no passive effects
@: glowing
A: reduced essence, fangs 1, strong nose, distributed training, horns 1,
iridescent scales 2, frail 1
a: Renounce Religion, Recall Ancestor, Ancestor Identity


You were on level 4 of the Dungeon.
You worshipped Hepliaklqana.
Hepliaklqana was pleased with you.
You visited 1 branch of the dungeon, and saw 4 of its levels.

You collected 99 gold pieces.

Inventory:

Hand Weapons
 a - a +0 short sword
 h - a +0 mace
 i - a +0 vampiric whip
 j - a +2 spear of flaming (weapon)
 q - a +0 short sword of holy wrath
 z - a +1 dagger of protection
 A - a +0 dagger
Missiles
 v - 5 curare-tipped darts
 x - 4 poisoned darts
Armour
 b - a +0 robe (worn)
 d - an orb of light (worn)
 e - a scarf of resistance (worn)
 u - the +0 helmet of Foolhardiness {rElec rPois Will+++ Str-5}
   (You found it on level 3 of the Dungeon)

   Str-5:     It affects your strength (-5).
   rElec:     It insulates you from electricity.
   rPois:     It protects you from poison Will+++: It greatly increases your
   willpower.
 B - a +0 pair of boots (worn)
Talismans
 s - a serpent talisman
Wands
 y - a wand of paralysis (6)
Scrolls
 f - 3 scrolls of revelation
 g - a scroll of poison
 k - a scroll of teleportation {unknown}
 l - 4 scrolls of identify {unknown}
 m - a scroll of acquirement {unknown}
 o - a scroll of fear {unknown}
 p - 3 scrolls of silence {unknown}
 t - a scroll of blinking {unknown}
Potions
 c - 2 potions of ambrosia
 r - a potion of mutation
 w - 2 potions of curing


   Skills:
 + Level 6.9 Fighting
 + Level 6.9 Short Blades
 + Level 2.2 Long Blades
 + Level 2.2 Axes
 + Level 2.2 Maces & Flails
 + Level 2.2 Polearms
 + Level 2.2 Staves
 + Level 2.2 Ranged Weapons
 + Level 2.2 Throwing
 + Level 2.2 Armour
 + Level 6.9 Dodging
 + Level 2.2 Stealth
 + Level 2.2 Shields
 + Level 2.2 Unarmed Combat
 + Level 2.2 Spellcasting
 + Level 1.8 Conjurations
 + Level 1.8 Hexes
 + Level 1.8 Summonings
 + Level 1.8 Necromancy
 + Level 1.8 Translocations
 + Level 1.8 Fire Magic
 + Level 1.8 Ice Magic
 + Level 1.8 Air Magic
 + Level 1.8 Earth Magic
 + Level 1.8 Alchemy
 + Level 2.5 Invocations
 + Level 2.2 Evocations
 + Level 2.0 Shapeshifting


You had 9 spell levels left.
You didn't know any spells.
Your spell library contained the following spells:

 Spells                   Type           Power      Damage    Failure   Level
 Summon Small Mammal      Summ           20%        N/A       14%         1
 Call Canine Familiar     Summ           5%         N/A       38%         3
 Summon Guardian Golem    Hex/Summ       5%         N/A       38%         3


Dungeon Overview and Level Annotations

Branches:
Dungeon (4/15)             Temple (0/1) D:4

Altars:
Ashenzari
Cheibriados
Hepliaklqana
Kikubaaqudgha
Uskayaw

Shops:
D:3 [

Annotations:
D:4 Dowan, Duvessa


Innate Abilities, Weirdness & Mutations

Your life essence is reduced to manifest your ancestor. (-10% HP)
You have very sharp teeth.
Your uncanny sense of smell can sniff out nearby items.
Your experience applies equally to all skills.
You have a pair of small horns on your head.
You are mostly covered in iridescent scales. (AC +4)
You are frail. (-10% HP)


Message History

Duvessa hits you with a +0 rapier.
Dowan gestures wildly while chanting.
Dowan blinks!
You hit Duvessa. You burn Duvessa. You bite Duvessa, but do no damage.
Duvessa is severely wounded.
Duvessa barely misses you. Duvessa completely misses you.
You hit Duvessa. You burn Duvessa. Your bite misses Duvessa.
Duvessa is severely wounded.
Duvessa barely misses you.
You hit Duvessa. You burn Duvessa.
Duvessa is severely wounded.
Duvessa hits you with a +0 rapier. Duvessa hits you with a +0 rapier!
You hit Duvessa. You burn Duvessa.
Duvessa is severely wounded.
Duvessa misses you.
You completely miss Duvessa. You bite Duvessa, but do no damage.
Duvessa is severely wounded.
Duvessa barely misses you.
Dowan mumbles some strange words.
Dowan blinks!
Duvessa completely misses you.
It was a potion of degeneration.
There was something very wrong with that liquid.
You feel weakened.
You feel dopey.
You feel clumsy. Duvessa hits you with a +0 rapier!
* * * LOW HITPOINT WARNING * * *
It was a potion of mutation.
You feel extremely strange.
You feel frail. A pair of horns grows on your head!
Iridescent scales grow over part of your body.
Iridescent scales spread over more of your body.
You hear the quick rusting of a distant drain.
Duvessa hits you with a +0 rapier!
* * * LOW HITPOINT WARNING * * *
It was a potion of curing.
You feel better.
Duvessa says, "Where magic fails, the sword succeeds!"
Duvessa hits you with a +0 rapier.
* * * LOW HITPOINT WARNING * * *
The air fills with toxic fumes!
As you read the scroll labelled JATTIH JIRPHYNI, it crumbles to dust.
It was a scroll of poison.
Duvessa hits you with a +0 rapier!
You die...

#.§.###.#.≈.###,,,,,,,',,,
#.≈§§§§...≈...*,,,,,,,*,,,
#.§≈§§§≈≈≈§§#.#*,,,,,,*,,,
#....§§........',,,,,,*,,,
####..§....#*,***,,,*****,
####§####*,* *,*+*,,,*'
#§#####,*****,,,,,,,
#§§e§§#'*,*,,,,,,,,,
#######§e@###,,,**,,,,,,,,
#.§§§§§§###,,,,,,',,,,,,,,
#.§§§§§.#**,,,,,,**,,,,,,,
#.§§§§...,*,,,,,,,*,,,,,,,
#.§§§.....',,,,,,,****'***
#.§§<.....#,,,,,,,*,,,,,,,
#.§.....###,,,,,,**,,,,,,,
#...#.>.#**,,,,,,+,,,,,,,,
##.###...,***,,,**,,,,,,,,


You could see Duvessa (fast, drained) and Dowan.

Vanquished Creatures
  A phantom (D:4)
  2 hounds
  An orc wizard (D:4)
  Natasha (twice) (D:3)
  3 adders (D:2)
  A worm (D:3)
  3 dart slugs (D:1)
  4 orcs
  6 ball pythons
  8 endoplasms
  3 giant cockroaches
  6 hobgoblins
  5 kobolds
  4 quokkas
  4 bats
  4 frilled lizards
  8 goblins
  6 rats
  A spectral hobgoblin (D:3)
72 creatures vanquished.

Vanquished Creatures (collateral kills)
  Blork the orc (D:4)
  Natasha (D:3)
  2 orcs (D:4)
4 creatures vanquished.

Vanquished Creatures (others)
  A hexer (D:4)
1 creature vanquished.

Grand Total: 77 creatures vanquished

Notes
Turn   | Place    | Note
-------+----------+-------------------------------------------
     0 | D:1      | croobank the Gnoll Monk began the quest for the Orb.
     0 | D:1      | Reached XP level 1. HP: 23/23 MP: 1/1
   175 | D:1      | Reached XP level 2. HP: 27/29 MP: 2/2
   430 | D:1      | Reached XP level 3. HP: 35/35 MP: 3/3
   645 | D:1      | You fall into a shaft and drop 1 floor!
   739 | D:2      | Reached skill level 1 in Invocations
  1121 | D:2      | Found a hide-covered altar of Uskayaw.
  1163 | D:2      | Reached skill level 1 in Long Blades
  1163 | D:2      | Reached skill level 1 in Axes
  1163 | D:2      | Reached skill level 1 in Maces & Flails
  1163 | D:2      | Reached skill level 1 in Polearms
  1163 | D:2      | Reached skill level 1 in Staves
  1163 | D:2      | Reached skill level 1 in Ranged Weapons
  1163 | D:2      | Reached skill level 1 in Throwing
  1163 | D:2      | Reached skill level 1 in Armour
  1163 | D:2      | Reached skill level 1 in Stealth
  1163 | D:2      | Reached skill level 1 in Shields
  1163 | D:2      | Reached skill level 1 in Unarmed Combat
  1163 | D:2      | Reached skill level 1 in Spellcasting
  1163 | D:2      | Reached skill level 1 in Evocations
  1595 | D:2      | Reached skill level 1 in Shapeshifting
  1595 | D:2      | Reached XP level 4. HP: 23/41 MP: 5/5
  1966 | D:3      | Found Azyigyet's Antique Armour Emporium.
  1981 | D:3      | Found a broken altar of Ashenzari.
  2092 | D:3      | Noticed Natasha
  2098 | D:3      | Killed Natasha
  2099 | D:3      | Reached skill level 1 in Conjurations
  2099 | D:3      | Reached skill level 1 in Hexes
  2099 | D:3      | Reached skill level 1 in Summonings
  2099 | D:3      | Reached skill level 1 in Necromancy
  2099 | D:3      | Reached skill level 1 in Translocations
  2099 | D:3      | Reached skill level 1 in Fire Magic
  2099 | D:3      | Reached skill level 1 in Ice Magic
  2099 | D:3      | Reached skill level 1 in Air Magic
  2099 | D:3      | Reached skill level 1 in Earth Magic
  2099 | D:3      | Reached skill level 1 in Alchemy
  2278 | D:3      | Reached XP level 5. HP: 37/47 MP: 7/7
  2538 | D:3      | Identified the +0 helmet of Foolhardiness {rElec rPois
                  | Will+++ Str-5}
  2546 | D:3      | Noticed Natasha
  2551 | D:3      | Killed Natasha
  2800 | D:3      | Found a hazy altar of Hepliaklqana.
  2811 | D:3      | Became a worshipper of Hepliaklqana the Forgotten
  2811 | D:3      | Reached * piety under Hepliaklqana
  2811 | D:3      | Reached ** piety under Hepliaklqana
  2812 | D:3      | Remembered your ancestor Caesarion as a hexer
  2993 | D:3      | Noticed Natasha
  2997 | D:3      | Killed Natasha
  3363 | D:4      | Reached XP level 6. HP: 44/47 MP: 8/8
  3421 | D:4      | Found a staircase to the Ecumenical Temple.
  3571 | D:4      | Noticed Blork the orc
  3581 | D:4      | Killed Blork the orc
  3588 | D:4      | Found an ancient bone altar of Kikubaaqudgha.
  3704 | D:4      | Found a snail-covered altar of Cheibriados.
  3724 | D:4      | Noticed Duvessa
  3724 | D:4      | Noticed Dowan
  3745 | D:4      | Gained mutation: You are frail. (-10% HP) [potion of
                  | mutation]
  3745 | D:4      | Gained mutation: You have a pair of small horns on your
                  | head. [potion of mutation]
  3745 | D:4      | Gained mutation: You are partially covered in iridescent
                  | scales. (AC +2) [potion of mutation]
  3745 | D:4      | Gained mutation: You are mostly covered in iridescent
                  | scales. (AC +4) [potion of mutation]
  3745 | D:4      | HP: 2/42 [Duvessa/+0 rapier (10)]
  3747 | D:4      | Slain by Duvessa

Illustrated notes

Levels and vault maps discovered:
D:1:      dpeg_arrival_houses_and_road, layout_basic, hex_large,
          nicolae_concentric_dashed_squares_wild, hex_medium,
          minmay_misc_feat_diagonals, chequers_serial_rivers_small_3,
          solitary_fountain
D:2:      layout_loops_corners, basic_altar, nrook_mini_vaults
D:3:      layout_basic, mainiacjoe_overflow_catwalk,
          nicolae_hepliaklqana_monster_ancestors, serial_shops, shop,
          uniq_natasha
D:4:      nicolae_cairo_tiling_very_big, layout_loops_corners,
          mainiacjoe_overflow_alcove_1, mainiacjoe_overflow_brackets,
          temple_statues, portal_sewer_entry_f, uniq_blork_the_orc, uniq_duvessa

Skill      XL: |  1  2  3  4  5  6 |
---------------+-------------------+-----
Invocations    | 1 2 |  2.5
Long Blades    | 1 2 |  2.2
Axes           | 1 2 |  2.2
Maces & Flails | 1 2 |  2.2
Polearms       | 1 2 |  2.2
Staves         | 1 2 |  2.2
Ranged Weapons | 1 2 |  2.2
Throwing       | 1 2 |  2.2
Armour         | 1 2 |  2.2
Stealth        | 1 2 |  2.2
Shields        | 1 2 |  2.2
Unarmed Combat | 1 2 |  2.2
Spellcasting   | 1 2 |  2.2
Evocations     | 1 2 |  2.2
Shapeshifting  | 1 2 |  2.0
Conjurations   | 1 |  1.8
Hexes          | 1 |  1.8
Summonings     | 1 |  1.8
Necromancy     | 1 |  1.8
Translocations | 1 |  1.8
Fire Magic     | 1 |  1.8
Ice Magic      | 1 |  1.8
Air Magic      | 1 |  1.8
Earth Magic    | 1 |  1.8
Alchemy        | 1 |  1.8
Fighting       | |  6.9
Short Blades   | |  6.9
Dodging        | |  6.9

Action                     |  1- 3 |  4- 6 || total
---------------------------+-------+-------++-------
  Melee: Short sword       |    64 |       ||    64
         Bite              |     8 |    10 ||    18
         Spear             |    53 |   107 ||   160
 Invoke: Ancestor Life: He |       |     1 ||     1
    Use: Scroll            |       |     3 ||     3
         Potion            |       |     3 ||     3
   Stab: Sleeping          |       |     2 ||     2
 Armour: Robe              |    34 |    31 ||    65
  Dodge: Dodged            |    58 |    57 ||   115

Table legend: (Time is in decaauts)
 A = Elapsed time spent in this place.
 B = Non-inter-level travel time spent in this place.
 C = Inter-level travel time spent in this place.
 D = Time resting spent in this place.
 E = Time spent auto-exploring this place.
 F = Levels seen in this place.
 G = Mean time per level.
                   A        B        C        D        E       F      G
               +--------+--------+--------+--------+--------+-----+--------+
         Total |   3735 |   3318 |    417 |     64 |   2547 |   4 |  933.8 |
       Dungeon |   3735 |   3318 |    417 |     64 |   2547 |   4 |  933.8 |
               +--------+--------+--------+--------+--------+-----+--------+

Top non-repeatable levels by time:
     D:3: 1390 daAuts
     D:2: 974 daAuts
     D:1: 913 daAuts
     D:4: 457 daAuts
